 Dungeon Crawl Stone Soup version 0.30-a0-605-gb2882149bf (webtiles) character file.

Game seed: 14099024050186844547

29 Twinkles the Trooper (level 3, -1/24 HPs)
             Began as a Gargoyle Cinder Acolyte on Jan 7, 2023.
             Was a High Priest of Ignis.
             Slain by Natasha (7 damage)
             ... on level 2 of the Dungeon.
             The game lasted 00:03:40 (983 turns).

Twinkles the Trooper (Gargoyle Cinder Acolyte)       Turns: 983, Time: 00:03:41

Health: -1/24      AC:  5    Str: 19    XL:     3   Next: 16%
Magic:  1/4        EV: 11    Int: 14    God:    Ignis [*****.]
Gold:   60         SH:  0    Dex:  5    Spells: 2/4 levels left

rFire   + . .      SeeInvis .    a - -1 mace (flame)
rCold   . . .      Faith    .    (no shield)
rNeg    + . .      Spirit   .    b - +0 robe
rPois   ∞          Reflect  .    (no helmet)
rElec   +          Harm     .    (no cloak)
rCorr   .          Rampage  .    (no gloves)
Will    .....                    (no boots)
Stlth   +                        (no amulet)
HPRegen 0.24/turn                (no ring)
MPRegen 0.09/turn                (no ring)

@: slowed, very slow
A: sickness immunity, AC +3, negative energy resistance 1, electricity
resistance, torment resistance 1, petrification resistance
a: Renounce Religion, Fiery Armour, Foxfire Swarm, Rising Flame


You were on level 2 of the Dungeon.
You worshipped Ignis.
Ignis was extremely pleased with you.
You visited 1 branch of the dungeon, and saw 2 of its levels.

You collected 60 gold pieces.

Inventory:

Hand Weapons
 a - a -1 mace of flaming (weapon)
Missiles
 d - 6 poisoned darts
Armour
 b - a +0 robe (worn)
Scrolls
 f - a scroll of enchant weapon {unknown}
 g - a scroll of identify {unknown}
Potions
 c - 2 potions of lignification {unknown}
 e - 2 potions of curing {unknown}


   Skills:
 + Level 3.7 Fighting
 + Level 3.3 Maces & Flails
 + Level 1.4 Armour
 - Level 1.0 Spellcasting
 - Level 3.1 Fire Magic


You had 2 spell levels left.
You knew the following spells:

 Your Spells              Type           Power      Damage    Failure   Level
a - Scorch                Fire           18%        2d5       11%         2

Your spell library contained the following spells:

 Spells                   Type           Power      Damage    Failure   Level
 Freeze                   Ice            0%         1d3       26%         1
 Frozen Ramparts          Ice            0%         1d1       61%         3
 Hailstorm                Conj/Ice       0%         3d3       61%         3


Dungeon Overview and Level Annotations

Branches:
Dungeon (2/15) Zot: 10991

Altars:

Annotations:
D:2 Natasha


Innate Abilities, Weirdness & Mutations

You are immune to sickness and miasma.
Your stone body is resilient. (AC +3)
You are immune to poison.
You resist negative energy. (rN+)
You are resistant to electric shocks. (rElec)
You are resistant to unholy torment.
You are immune to petrification.


Message History

Press: ? - help, Q - select action, (/) - cycle Dir - look around, f - activate Flames lash Natasha.
Natasha is moderately wounded.
Natasha's fire resistance burns away.
Natasha stares at you and mumbles some strange words.
You feel yourself slow down.
Natasha is no longer more vulnerable to fire.
The ball python attacks as you move away!
The ball python closely misses you. The ball python barely misses you.
Natasha mumbles some strange words.
Natasha's front paws start to glow.
The ball python bites you. The ball python grabs you.
The ball python constricts you.
You escape the ball python's grasp.
Natasha attacks as you move away! Natasha claws you. Natasha claws you!
Casting: Scorch (safe; 11% risk of failure)
Press: ? - help, Q - select action, (/) - cycle Dir - look around, f - activate Flames lash the ball python.
You kill the ball python!
Natasha claws you.
* * * LOW HITPOINT WARNING * * *
You don't have enough magic to cast this spell.
You miss Natasha.
Natasha is lightly wounded.
Natasha barely misses you. Natasha claws you.
* * * LOW HITPOINT WARNING * * *
You hit Natasha. You burn Natasha.
Natasha is heavily wounded.
Natasha barely misses you. x2
You barely miss Natasha.
Natasha is heavily wounded.
Natasha claws you.
* * * LOW HITPOINT WARNING * * *
Natasha mumbles some strange words.
A worm comes into view.
You closely miss Natasha.
Natasha is heavily wounded.
Natasha claws you but does no damage.
The crimson imp blinks!
Natasha claws you!
You die...

#..# #..# #..#
#..##### #########
... ..# #<.......
#§# #.# #.#######
############.###.#
#.#
.......w....Jh##.#
#.#
##.....##.###@..#
#.# #.###.#.##
##.####.# #.....#
#5>....# #.#$#.#
#.######
#.........# #.##
......###.#...#
.#.#.. #.##.##
..... #.##.# .#.#.
#.## #


You could see a worm, Natasha, a crimson imp (summoned) and an endoplasm.

Vanquished Creatures
  3 ball pythons
  A giant cockroach (D:1)
  7 goblins (D:1)
  4 hobgoblins (D:1)
  5 bats (D:1)
  3 kobolds (D:1)
  3 rats (D:1)
26 creatures vanquished.

Notes
Turn   | Place    | Note
-------+----------+-------------------------------------------
     0 | D:1      | Twinkles the Gargoyle Cinder Acolyte began the quest for
                  | the Orb.
     0 | D:1      | Reached XP level 1. HP: 14/14 MP: 2/2
   113 | D:1      | Reached XP level 2. HP: 17/19 MP: 3/3
   143 | D:1      | Learned a level 2 spell: Scorch
   253 | D:1      | Reached skill level 1 in Armour
   550 | D:1      | Reached XP level 3. HP: 15/24 MP: 4/4
   967 | D:2      | Noticed Natasha
   979 | D:2      | HP: 6/24 [Natasha (3)]
   983 | D:2      | Slain by Natasha

Illustrated notes

Levels and vault maps discovered:
D:1:      arrival_zaba_pyramid, layout_basic, minmay_misc_feat_more_columns,
          minmay_hexomino_p4
D:2:      layout_loops_ring, serial_shops, shop, nicolae_underground_beach,
          uniq_natasha

Skill      XL: |  1  2 |
---------------+-------+-----
Armour         | 1 |  1.4
Fighting       | |  3.7
Maces & Flails | |  3.3
Spellcasting   | |  1.0
Fire Magic     | |  3.1

Action                   || total
-------------------------++-------
Melee: Mace              ||    81
 Cast: Scorch            ||     2
Armor: Robe              ||    44
Dodge: Dodged            ||    78

Table legend: (Time is in decaauts)
 A = Elapsed time spent in this place.
 B = Non-inter-level travel time spent in this place.
 C = Inter-level travel time spent in this place.
 D = Time resting spent in this place.
 E = Time spent auto-exploring this place.
 F = Levels seen in this place.
 G = Mean time per level.
                   A        B        C        D        E       F      G
               +--------+--------+--------+--------+--------+-----+--------+
         Total |   1006 |    998 |      8 |      3 |    776 |   2 |  503.0 |
       Dungeon |   1006 |    998 |      8 |      3 |    776 |   2 |  503.0 |
               +--------+--------+--------+--------+--------+-----+--------+

Top non-repeatable levels by time:
     D:1: 961 daAuts
     D:2: 45 daAuts
